 Dungeon Crawl Stone Soup version 0.26-a0-651-gb41185065b (webtiles) character file.

Game seed: 4802390341563374113

77 Irenicus the Digger (level 4, -7/36 HPs)
             Began as a Deep Dwarf Earth Elementalist on Oct 6, 2020.
             Mangled by Grinder (8 damage)
             ... while paralysed by Grinder
             ... on level 3 of the Dungeon.
             The game lasted 00:08:22 (1281 turns).

Irenicus the Digger (Deep Dwarf Earth Elementalist) Turns: 1281, Time: 00:08:23

Health: -7/36      AC:  7    Str: 12    XL:     4   Next: 13%
Magic:  1/6        EV:  2    Int: 16    God:
Gold:   110        SH:  0    Dex: 13    Spells: 3/6 levels left

rFire    . . .     SeeInvis .   h - +0 dagger (venom)
rCold    . . .     Faith    .   (no shield)
rNeg     + . .     Spirit   .   g - +0 leather armour
rPois    .         Reflect  .   (no helmet)
rElec    .         Harm     .   s - +2 cloak
rCorr    .         Rampage  .   (no gloves)
MR       .....                  k - +0 pair of boots
Stlth    ++........             (no amulet)
HPRegen  0.00/turn              i - ring of positive energy {rN+}
MPRegen  0.10/turn              (no ring)

@: paralysed, non-regenerating
A: damage resistance, heal wounds, sense surroundings 1, no regeneration
a: Heal Wounds


You were on level 3 of the Dungeon.
You visited 1 branch of the dungeon, and saw 3 of its levels.

You collected 110 gold pieces.

Inventory:

Hand Weapons
 h - a +0 dagger of venom (weapon)
   (You found it on level 1 of the Dungeon)
Missiles
 b - 96 stones (quivered)
Armour
 g - a +0 leather armour (worn)
   (You found it on level 1 of the Dungeon)
 k - a +0 pair of boots (worn)
   (You found it on level 2 of the Dungeon)
 l - a +0 buckler
   (You found it on level 2 of the Dungeon)
 s - a +2 cloak (worn)
   (You found it on level 3 of the Dungeon)
Jewellery
 i - a ring of positive energy (left hand) {rN+}
   (You found it on level 1 of the Dungeon)
Wands
 q - a wand of paralysis (10)
   (You found it on level 3 of the Dungeon)
 u - a wand of enslavement (8)
   (You took it off a hobgoblin on level 3 of the Dungeon)
Scrolls
 c - a scroll of immolation {unknown}
 e - 3 scrolls of remove curse
 j - a scroll of teleportation {unknown}
 r - a scroll of enchant weapon {unknown}
Potions
 d - a potion of invisibility
 f - a potion of might
 m - 2 potions of heal wounds
 n - a potion of magic {unknown}
 o - a potion of mutation {unknown}
 p - 2 potions of berserk rage {unknown}
 t - a potion of curing {unknown}


   Skills:
 - Level 2.1 Dodging
 - Level 2.4 Stealth
 - Level 1.7 Spellcasting
 - Level 0.8 Transmutations
 + Level 6.7 Earth Magic


You had 3 spell levels left.
You knew the following spells:

 Your Spells              Type           Power        Failure   Level
a - Sandblast             Erth           ###...       1%          1
w - Passwall              Tmut/Erth      ##......     9%          2

Your spell library contained the following spells:

 Spells                   Type           Power        Failure   Level
 Stone Arrow              Conj/Erth      ##....       21%         3
 Lee's Rapid Deconstruct  Erth           ###.......   43%         5
 Petrify                  Tmut/Erth      ##......     50%         4


Dungeon Overview and Level Annotations

Branches:
Dungeon (3/15)

Altars:
Trog

Annotations:
D:3 Grinder


Innate Abilities, Weirdness & Mutations

You are resistant to damage.
You can heal yourself by infusing magical energy.
You passively map a small area around you.
You do not regenerate.


Message History

You kill the hobgoblin!
b - 102 stones You now have 4/6 mp.
You now have 110 gold pieces (gained 12).
A hobgoblin comes into view. It is wielding a +0 club.
The hobgoblin shouts!
Grinder comes into view.
Casting: Sandblast (safe; 1% risk of failure)
Confirm with . or Enter, or press ? or * to list all spells.
Aiming: Sandblast (safe; 1% risk of failure)
Press: ? - help, Shift-Dir - straight line, f - hobgoblin
Aim: a hobgoblin, wielding a +0 club and wearing a +0 leather armour The blast of sand hits the hobgoblin.
The hobgoblin is heavily wounded.
b - 101 stones You now have 4/6 mp.
Okay, then.
As you read the scroll of identify, it crumbles to dust.
m - 2 potions of heal wounds You hit the hobgoblin but do no damage.
The hobgoblin is poisoned.
The hobgoblin is heavily wounded.
The hobgoblin misses you.
You hit the hobgoblin but do no damage.
The hobgoblin is moderately wounded.
The hobgoblin hits you but does no damage.
You feel a bit more experienced.
Casting: Sandblast (safe; 1% risk of failure)
Confirm with . or Enter, or press ? or * to list all spells.
Aiming: Sandblast (safe; 1% risk of failure)
Press: ? - help, Shift-Dir - straight line, f - Grinder
Aim: Grinder The blast of sand hits Grinder!
Grinder is lightly wounded.
b - 100 stones
Casting: Sandblast (safe; 1% risk of failure)
Confirm with . or Enter, or press ? or * to list all spells.
Aiming: Sandblast (safe; 1% risk of failure)
Press: ? - help, Shift-Dir - straight line, f/p - Grinder
Aim: Grinder (lightly wounded)
The blast of sand hits Grinder.
Grinder is moderately wounded.
b - 99 stones Grinder gestures at you.
You suddenly lose the ability to move!
Grinder hits you but does no damage. x4
You can move again.
You now have 3/6 mp.
Casting: Sandblast (safe; 1% risk of failure)
Confirm with . or Enter, or press ? or * to list all spells.
Aiming: Sandblast (safe; 1% risk of failure)
Press: ? - help, Shift-Dir - straight line, f/p - Grinder
Aim: Grinder (moderately wounded)
The blast of sand hits Grinder!
Grinder is heavily wounded.
b - 98 stones Grinder hits you.
You writhe in agony.
You take 3 damage, and have 12/36 hp.
You now have 2/6 mp.
Casting: Sandblast (safe; 1% risk of failure)
Confirm with . or Enter, or press ? or * to list all spells.
Aiming: Sandblast (safe; 1% risk of failure)
Press: ? - help, Shift-Dir - straight line, f/p - Grinder
Aim: Grinder (heavily wounded)
The blast of sand misses Grinder.
b - 97 stones Grinder hits you but does no damage.
You now have 1/6 mp.
Casting: Sandblast (safe; 1% risk of failure)
Confirm with . or Enter, or press ? or * to list all spells.
Aiming: Sandblast (safe; 1% risk of failure)
Press: ? - help, Shift-Dir - straight line, f/p - Grinder
Aim: Grinder (heavily wounded)
The blast of sand hits Grinder.
Grinder is severely wounded.
b - 96 stones Grinder hits you.
You writhe in agony.
You now have 0/6 mp.
Casting: Sandblast (safe; 1% risk of failure)
Confirm with . or Enter, or press ? or * to list all spells.
You don't have enough magic to cast that spell.
Unknown command.
You barely miss Grinder.
Grinder is severely wounded.
Grinder gestures at you. Pain shoots through your body!
You hit Grinder.
Grinder is severely wounded.
Grinder barely misses you.
You barely miss Grinder.
Grinder is severely wounded.
Grinder gestures at you.
You suddenly lose the ability to move!
Grinder hits you.
* * * LOW HITPOINT WARNING * * *
Grinder hits you!
* * * LOW HITPOINT WARNING * * *
You writhe in agony.
Grinder gestures at you.
You struggle to resist.
Grinder hits you!
You die...

.##...##.### , #
....<....... ,.#
###.###..########.##
* #................,
, #..##.##..#.##.#,
* *
#..##.##....#.#**
### , ,
#............## #..,
, *
##.##.##....#.###5#*
#.##.##..#.##@#.#
#..........##.5#*
########.####.## ,
#.####.# * *
#......# ########


You could see Grinder.

Vanquished Creatures
  2 adders (D:2)
  An ooze (D:2)
  A worm (D:3)
  2 dart slugs (D:1)
  4 bats
  A giant cockroach (D:1)
  4 goblins
  8 hobgoblins
  2 jackals (D:3)
  2 quokkas (D:2)
  A ball python (D:1)
  2 frilled lizards
  8 kobolds
  10 rats
48 creatures vanquished.

Notes
Turn   | Place    | Note
-------+----------+-------------------------------------------
     0 | D:1      | Irenicus the Deep Dwarf Earth Elementalist began the quest
                  | for the Orb.
     0 | D:1      | Reached XP level 1. HP: 15/15 MP: 3/3
   277 | D:1      | Reached XP level 2. HP: 19/22 MP: 2/4
   359 | D:1      | Learned a level 2 spell: Passwall
   474 | D:1      | Reached skill level 5 in Earth Magic
   750 | D:2      | Reached XP level 3. HP: 20/28 MP: 1/5
   813 | D:2      | Reached skill level 6 in Earth Magic
  1137 | D:3      | Noticed a moth of wrath
  1140 | D:3      | Found a bloodstained altar of Trog.
  1176 | D:3      | Reached XP level 4. HP: 18/36 MP: 1/6
  1259 | D:3      | Noticed Grinder
  1267 | D:3      | Paralysed by Grinder for 5 turns
  1277 | D:3      | Paralysed by Grinder for 6 turns
  1278 | D:3      | HP: 9/36 [Grinder (3)]
  1279 | D:3      | HP: 1/36 [Grinder (8)]
  1281 | D:3      | Mangled by Grinder

Illustrated notes

Levels and vault maps discovered:
D:1:      zaba_arrival_water, layout_loops_corners
D:2:      layout_rooms
D:3:      layout_loops_ring, tgw_trog, uniq_grinder

Skill      XL: |  1  2  3 |
---------------+----------+-----
Earth Magic    | 5 6 |  6.7
Dodging        | |  2.1
Stealth        | |  2.4
Spellcasting   | |  1.7
Transmutations | |  0.8

Action                   |  1- 3 |  4- 6 || total
-------------------------+-------+-------++-------
Melee: Dagger            |    19 |    10 ||    29
 Cast: Sandblast         |    47 |    12 ||    59
       Passwall          |     2 |       ||     2
  Use: Scroll            |     4 |     1 ||     5
 Stab: Sleeping          |     1 |       ||     1
Armor: Robe              |     1 |       ||     1
       Leather armour    |     6 |     6 ||    12
Dodge: Dodged            |    21 |     3 ||    24

Table legend: (Time is in decaauts)
 A = Elapsed time spent in this place.
 B = Non-inter-level travel time spent in this place.
 C = Inter-level travel time spent in this place.
 D = Time resting spent in this place.
 E = Time spent auto-exploring this place.
 F = Levels seen in this place.
 G = Mean time per level.
                   A        B        C        D        E       F      G
               +--------+--------+--------+--------+--------+-----+--------+
         Total |   1285 |   1285 |      0 |      0 |      0 |   3 |  428.3 |
       Dungeon |   1285 |   1285 |      0 |      0 |      0 |   3 |  428.3 |
               +--------+--------+--------+--------+--------+-----+--------+

Top non-repeatable levels by time:
     D:1: 667 daAuts
     D:2: 317 daAuts
     D:3: 300 daAuts

Table legend:
 A = Kills in this place as a percentage of kills in entire the game.
 B = Kills by you in this place as a percentage of kills by you in the entire game.
 C = Kills by friends in this place as a percentage of kills by friends in the entire game.
 D = Other kills in this place as a percentage of other kills in the entire game.
 E = Experience gained in this place as a percentage of experience gained in the entire game.
 F = Experience gained in this place divided by the number of levels of this place that you have seen.
                   A       B       C       D       E      F
               +-------+-------+-------+-------+-------+----------------------
         Total | 100.0 | 100.0 |   N/A |   N/A | 100.0 |  36.7
       Dungeon | 100.0 | 100.0 |   N/A |   N/A | 100.0 |  36.7
               +-------+-------+-------+-------+-------+----------------------
